Map: Ruins of Seras

Players

Fabio

  • Race: Zerg Zerg
  • League: Gold

Javert - Winner!

  • Race: Zerg Zerg
  • League: Platinum

VOD

Have the link to the VOD?

Description

Time

  • Played on: Aug. 21, 2015, 12:39 a.m.
  • Length: 9:11
Show
View Real Time Build Order
Export as new Build Order

Fabio Zerg 

Build Orders: Pool First, Zergling Baneling 

Get SALT Encoding   

  12  0:01  Drone  
  13  0:13  Drone  
  14  0:20  Drone, Extractor  
  14  0:34  Spawning Pool  
  13  0:40  Drone  
  14  0:45  Overlord  
  14  0:58  Extractor  
  14  0:59  Drone  
  15  1:08  Drone x2  
  17  1:15  Drone  
  18  1:25  Drone  
  19  1:29  Metabolic Boost  
  19  1:31  Queen  
  21  1:37  Zergling x2  
  22  1:48  Extractor  
  22  1:49  Drone  
  23  2:03  Hatchery  
  23  2:08  Overlord  
  22  2:20  Baneling Nest  
  22  2:22  Zergling x2  
  22  2:26  Zergling x2  
  23  2:30  Queen  
  23  2:35  Zergling x2  
  26  2:49  Overlord  
  26  2:52  Drone x2  
  28  3:01  Drone  
  29  3:14  Baneling x5  
  29  3:17  Zergling x6  
  32  3:27  Zergling x4  
  30  3:51  Zergling x8  
  30  3:52  Zergling x2  
  30  3:54  Baneling  
  30  4:18  Overlord  
  30  4:22  Drone x3  
  30  4:23  Drone x4  
  37  4:26  Baneling x2  
  37  4:27  Baneling x2  
  37  4:28  Queen  
  37  4:29  Queen  
  41  4:41  Spine Crawler  
  40  4:53  Hatchery  
  39  5:00  Baneling  
  39  5:02  Baneling  
  39  5:03  Zergling x10  
  43  5:11  Lair  
  43  5:13  Extractor  
  43  5:14  Drone  
  42  5:40  Baneling x2  
  42  5:43  Queen  
  42  5:44  Zergling x4  
  46  5:50  Hatchery  
  46  5:52  Drone x3  
  46  5:53  Drone  
  49  6:01  Evolution Chamber  
  48  6:15  Overlord  
  48  6:17  Queen  
  50  6:23  Zergling x12  
  56  6:26  Overlord  
  56  6:33  Zerg Ground Armor Level 1  
  56  6:42  Infestation Pit  
  55  6:51  Zergling x2  
  56  7:05  Overlord  
  54  7:23  Spire  
  53  7:30  Zergling x14  
  53  7:31  Zergling x16  
  68  7:38  Evolution Chamber  
  68  7:43  Queen  
  69  7:52  Baneling x2  
  68  8:01  Overlord x2  
  68  8:05  Drone x2, Extractor  
  69  8:07  Drone, Extractor  
Show
View Real Time Build Order
Export as new Build Order

Javert Zerg - Winner!

Build Orders: Pool First, Zergling Baneling 

Get SALT Encoding   

  12  0:01  Drone  
  13  0:12  Drone  
  14  0:14  Extractor  
  14  0:16  Extractor  
  14  0:18  Drone  
  13  0:22  Drone  
  13  0:28  Overlord  
  16  0:41  Extractor  
  15  0:46  Spawning Pool  
  15  0:49  Drone  
  15  0:52  Drone  
  17  0:57  Drone  
  17  1:09  Drone  
  18  1:24  Drone  
  19  1:38  Hatchery  
  18  1:41  Overlord  
  18  1:42  Metabolic Boost  
  18  1:53  Queen  
  20  2:03  Baneling Nest  
  20  2:04  Drone  
  20  2:08  Drone  
  21  2:12  Zergling x2  
  22  2:21  Drone  
  23  2:27  Drone  
  24  2:36  Queen  
  26  2:43  Zergling x2  
  27  2:48  Overlord  
  27  2:55  Drone  
  28  3:04  Drone x4  
  32  3:15  Baneling x2  
  32  3:16  Baneling x2  
  32  3:19  Zergling x2  
  34  3:20  Zergling x2  
  34  3:27  Evolution Chamber  
  34  3:28  Spine Crawler  
  34  3:31  Zergling x2  
  34  3:32  Zergling x2  
  33  3:41  Drone x4  
  33  3:46  Zergling x4  
  38  3:53  Baneling x2  
  38  3:58  Zergling x6  
  41  4:04  Spine Crawler  
  39  4:15  Baneling x3  
  37  4:19  Zergling x10  
  37  4:22  Drone  
  43  4:27  Overlord  
  43  4:42  Hatchery  
  42  4:50  Drone x6  
  48  5:05  Drone x2  
  48  5:06  Lair  
  50  5:08  Extractor  
  49  5:14  Drone x3  
  51  5:23  Overlord  
  51  5:27  Overlord x2  
  51  5:28  Evolution Chamber  
  51  5:29  Evolution Chamber  
  51  5:30  Extractor  
  48  5:36  Drone x2  
  48  5:41  Drone  
  48  5:42  Roach Warren  
  50  5:47  Drone x3  
  53  5:57  Drone x4  
  53  5:58  Drone  
  53  6:01  Zerg Missile Weapons Level 1  
  58  6:07  Zerg Ground Armor Level 1  
  58  6:10  Drone x3  
  61  6:18  Overseer  
  61  6:24  Glial Reconstitution  
  61  6:26  Overlord  
  61  6:32  Extractor  
  60  6:41  Roach x2  
  60  6:42  Roach x7  
  78  6:48  Roach x2  
  82  6:54  Drone x4  
  82  6:55  Drone  
  87  7:05  Roach  
  87  7:07  Overlord x2  
  89  7:14  Overlord x2  
  89  7:29  Roach  
  95  7:30  Roach x6  
  95  7:33  Overlord  
  95  7:35  Overlord  
  95  7:36  Queen  
  105  7:50  Roach x5  
  114  8:03  Roach x5  
  124  8:18  Roach  
  124  8:19  Roach x5  
  136  8:25  Overlord x2  
  136  8:29  Hydralisk Den  
  135  8:35  Overlord x2  
Tags
 
Add a new tag
Caveats
  • Supply blocks, unpowered buildings, or Contaminate may cause inaccurate times.
  • Supply counts are checked every 10 seconds.